Map: Dusk Towers

Players

GNXCommand - Winner!

  • Race: Protoss Protoss
  • League: Diamond

LilDicky

  • Race: Terran Terran
  • League: Diamond

VOD

http://www.twitch.tv/tumescentpie

Description

Time

  • Played on: Nov. 21, 2015, 9:54 p.m.
  • Length: 10:59
Show
View Real Time Build Order
Export as new Build Order

GNXCommand Protoss - Winner!

Build Orders: Colossus Rush 

Get SALT Encoding   

  12  0:01  Probe (Chrono Boost)  
  13  0:13  Pylon  
  13  0:17  Probe (Chrono Boost)  
  14  0:28  Probe (Chrono Boost)  
  15  0:33  Gateway  
  15  0:38  Probe (Chrono Boost)  
  16  0:46  Assimilator  
  16  0:49  Probe (Chrono Boost)  
  17  0:54  Pylon  
  17  1:00  Probe (Chrono Boost)  
  18  1:10  Probe (Chrono Boost)  
  19  1:21  Probe (Chrono Boost)  
  19  1:22  Cybernetics Core  
  20  1:31  Probe (Chrono Boost)  
  21  1:48  Nexus  
  21  1:51  Probe (Chrono Boost)  
  22  1:56  Assimilator  
  22  2:01  Stalker (Chrono Boost)  
  22  2:04  Probe (Chrono Boost)  
  22  2:08  Warp Gate  
  25  2:16  Probe (Chrono Boost)  
  26  2:26  Probe (Chrono Boost)  
  27  2:35  Robotics Facility  
  27  2:36  Gateway  
  29  2:52  Mothership Core (Chrono Boost)  
  29  3:08  Probe (Chrono Boost)  
  29  3:10  Probe (Chrono Boost)  
  31  3:18  Probe (Chrono Boost)  
  32  3:20  Observer (Chrono Boost)  
  32  3:25  Stalker (Chrono Boost)  
  32  3:27  Probe  
  29  3:30  Probe  
  30  3:39  Probe  
  31  3:49  Probe (Chrono Boost)  
  31  3:51  Probe (Chrono Boost)  
  34  4:03  Probe x2 (Chrono Boost)  
  35  4:11  Sentry  
  35  4:12  Sentry  
  35  4:14  Probe (Chrono Boost)  
  35  4:15  Probe (Chrono Boost)  
  41  4:24  Probe (Chrono Boost)  
  41  4:26  Probe (Chrono Boost)  
  43  4:35  Probe (Chrono Boost)  
  43  4:36  Probe (Chrono Boost)  
  45  4:45  Probe (Chrono Boost)  
  46  4:47  Pylon  
  46  4:50  Pylon  
  46  4:52  Pylon  
  46  4:57  Robotics Bay  
  46  4:59  Pylon  
  46  5:06  Probe x2 (Chrono Boost)  
  48  5:08  Pylon  
  48  5:10  Zealot x2  
  52  5:35  Zealot x2  
  49  5:39  Nexus  
  49  5:49  Colossus (Chrono Boost), Pylon  
  55  5:51  Probe x2  
  57  6:00  Gateway  
  57  6:03  Probe  
  58  6:08  Probe  
  58  6:11  Gateway, Forge  
  59  6:17  Probe  
  60  6:19  Assimilator  
  60  6:23  Probe, Assimilator  
  61  6:27  Sentry  
  61  6:28  Zealot  
  65  6:33  Twilight Council  
  65  6:34  Probe x2  
  67  6:45  Probe  
  67  6:46  Probe  
  69  6:59  Blink (Chrono Boost)  
  69  7:01  Zealot x2  
  67  7:06  Colossus (Chrono Boost)  
  67  7:08  Probe  
  73  7:09  Probe  
  73  7:15  Gateway  
  75  7:16  Probe  
  75  7:18  Probe  
  75  7:19  Protoss Ground Weapons Level 1 (Chrono Boost)  
  77  7:26  Probe  
  77  7:27  Gateway  
  77  7:28  Probe  
  79  7:30  Stalker  
  79  7:31  Stalker  
  79  7:33  Sentry  
  83  7:58  Stalker  
  83  7:59  Stalker x3  
  83  8:00  Probe  
  83  8:01  Probe  
  83  8:02  Probe  
  94  8:10  Probe  
  94  8:12  Gateway  
  95  8:13  Probe  
  95  8:14  Probe  
  86  8:22  Zealot x3  
  85  8:37  Stalker  
  85  8:38  Zealot  
  88  8:45  Zealot x3  
  88  8:48  Colossus (Chrono Boost)  
  88  8:51  Probe  
  88  8:52  Probe  
  96  9:10  Probe (Chrono Boost)  
  96  9:12  Probe (Chrono Boost)  
  96  9:15  Probe (Chrono Boost)  
  99  9:17  Templar Archives  
  99  9:23  Probe (Chrono Boost)  
  99  9:24  Probe (Chrono Boost)  
  101  9:33  Photon Cannon  
  101  9:36  Pylon  
  101  9:39  Probe x2 (Chrono Boost)  
  101  9:48  Probe (Chrono Boost)  
  101  9:49  Probe (Chrono Boost)  
  101  9:54  Pylon  
  101  9:56  Probe, Pylon  
  101  9:58  Pylon  
  101  9:59  Probe x2, Pylon  
  103  10:03  Assimilator  
  104  10:08  Gateway, Assimilator  
  104  10:11  Pylon, Photon Cannon  
  104  10:12  Photon Cannon  
  104  10:15  Forge  
  104  10:20  High Templar  
  104  10:21  High Templar  
  108  10:22  High Templar  
  108  10:28  Zealot  
  112  10:32  Nexus  
  110  10:42  Zealot  
  110  10:43  Zealot  
  110  10:56  Pylon  
  110  10:58  Pylon  
Show
View Real Time Build Order
Export as new Build Order

LilDicky Terran 

Build Orders: MMM Bio 

Get SALT Encoding   

  12  0:02  SCV  
  14  0:14  SCV  
  14  0:18  Supply Depot  
  14  0:26  SCV  
  15  0:30  Refinery  
  15  0:40  SCV  
  16  0:45  Barracks  
  16  0:53  SCV  
  17  1:06  SCV  
  18  1:19  SCV  
  19  1:33  Supply Depot  
  19  1:34  Orbital Command  
  19  1:36  Marine  
  20  1:41  Factory  
  20  1:53  Marine  
  21  1:59  Barracks  
  21  2:00  SCV  
  22  2:08  Barracks  
  22  2:13  SCV  
  23  2:17  Refinery  
  23  2:23  Barracks Reactor  
  23  2:34  Supply Depot  
  23  2:35  SCV  
  24  2:40  Widow Mine  
  26  2:48  Barracks Tech Lab  
  26  2:58  SCV  
  27  2:59  Barracks Tech Lab  
  27  3:10  SCV  
  27  3:11  Starport  
  27  3:28  Stimpack  
  27  3:32  SCV, Combat Shields, Marine x2  
  30  3:34  Marine x2  
  30  3:39  Supply Depot  
  32  3:44  SCV  
  33  3:50  Marine x2  
  33  3:53  Marauder x2  
  37  3:56  SCV  
  37  4:00  Medivac  
  40  4:08  SCV  
  42  4:10  Supply Depot  
  42  4:12  Marine  
  42  4:14  Marauder x2  
  46  4:25  SCV  
  47  4:37  SCV  
  48  4:47  Medivac  
  48  4:49  SCV  
  48  4:51  Concussive Shells  
  51  4:54  Supply Depot  
  51  5:00  Marine x2  
  51  5:01  Marauder  
  55  5:07  Supply Depot  
  54  5:16  Marauder  
  54  5:18  Marine x2  
  57  5:22  Marauder  
  46  5:36  Marine x2  
  44  5:43  Marine  
  44  5:45  Medivac  
  45  5:50  Command Center  
  45  5:52  SCV  
  46  6:01  Marine x2  
  48  6:04  SCV  
  48  6:10  Marine  
  48  6:11  Marine  
  51  6:16  SCV  
  52  6:19  Marine x2  
  52  6:22  Starport Reactor  
  54  6:28  SCV  
  54  6:32  Marine x2  
  56  6:36  Marine  
  58  6:40  Marine  
  59  6:50  Marine  
  56  7:07  Marauder, Marine x2  
  62  7:08  Marauder  
  62  7:14  Orbital Command  
  62  7:20  Viking x2  
  66  7:24  Marine  
  66  7:25  Marine  
  66  7:28  SCV  
  66  7:29  Marine, Marauder  
  71  7:42  Marine x2  
  72  7:47  Marine  
  72  7:50  Marine  
  74  7:52  SCV  
  75  8:00  Marine x2  
  75  8:05  Marine  
  67  8:20  Marine x2  
  66  8:29  Marine x2  
  56  8:53  Marine x4  
  60  9:00  Medivac x2  
  60  9:01  SCV x2  
  66  9:07  Engineering Bay  
  66  9:08  Command Center  
  66  9:09  Engineering Bay  
  61  9:11  Marine x4  
  63  9:24  SCV  
  63  9:25  SCV  
  63  9:28  Barracks, Marine  
  63  9:29  Marauder  
  63  9:30  Barracks, Marine x2  
  66  9:46  Marine  
  66  9:48  Marine  
  66  9:49  Medivac x2, Marauder  
  66  9:50  Marine  
  74  9:53  SCV  
  74  9:55  Supply Depot  
  76  10:17  Orbital Command  
Tags
 
Add a new tag
Caveats
  • Supply blocks, unpowered buildings, or Contaminate may cause inaccurate times.
  • Supply counts are checked every 10 seconds.